AoeStats
← supay

Arabia

510469551Analyzed
1v1 RM · 1d ago on Oct 1, 2026· 95m 42s· 2 players
Game mode
Random Map
Map size
Tiny (2 player)
Population
200
Speed
Normal
Resources
Standard
Victory
Conquest
Starting age
Dark Age
Ending age
Imperial Age
RankedLock teamsTeams togetherTeam positionsShared explorationLock speedFull tech treeHidden civsTurbo modeCheats
Victory
Defeat
🇵🇪 Teutons · Peru
1333
+16
🇦🇷 Bulgarians · Argentina
1332
-16
supay
4:12 Loom
9:51 Feudal Age
10:26 Double-Bit Axe
14:10 Fletching
16:01 Padded Archer Armor
22:26 Castle Age
24:17 Bodkin Arrow
24:57 Bloodlines
28:23 Gold Mining
28:28 Stone Mining
29:34 Scale Barding Armor
35:29 Bow Saw
35:49 Forging
38:31 Chain Barding Armor
44:11 Imperial Age
42:35 Horse Collar
44:46 Gold Shaft Mining
47:31 Cavalier
49:00 Parthian Tactics
49:02 Bracer
51:01 Plate Barding Armor
50:51 Ballistics
53:11 Gambesons
53:34 Scale Mail Armor
55:00 Wheelbarrow
54:10 Town Watch
54:27 Heavy Plow
58:37 Chain Mail Armor
58:58 Iron Casting
59:53 Chemistry
62:19 Plate Mail Armor
63:58 Leather Archer Armor
65:43 Blast Furnace
66:44 Capped Ram
82:00 Pikeman
»[R/J]™ Josafat
5:21 Loom
10:07 Feudal Age
10:59 Double-Bit Axe
16:33 Fletching
17:43 Padded Archer Armor
25:11 Castle Age
23:53 Stone Mining
24:22 Scale Barding Armor
26:10 Bow Saw
25:37 Elite Skirmisher
27:23 Gold Mining
29:14 Forging
32:53 Wheelbarrow
34:04 Bodkin Arrow
38:16 Horse Collar
41:48 Imperial Age
42:04 Hand Cart
47:09 Chemistry
46:32 Ballistics
48:15 Bloodlines
50:03 Iron Casting
49:02 Pikeman
50:45 Heavy Plow
51:45 Two-Man Saw
53:05 Scale Mail Armor
54:05 Blast Furnace
54:29 Conscription
54:12 Cavalier
54:47 Halberdier
55:27 Squires
56:35 Leather Archer Armor
59:07 Chain Barding Armor
59:03 Chain Mail Armor
65:50 Plate Mail Armor
69:08 Plate Barding Armor
73:36 Ring Archer Armor
74:54 Ironclad
73:55 Elite Teutonic Knight
74:16 Paladin
76:07 Crop Rotation
78:31 Arson
87:33 Town Watch
90:44 Spies/Treason
Connection lost

Rejoining the realm…

Still unreachable

The connection could not be restored.

Session expired

The server has moved on; the page needs a fresh start.